 Dungeon Crawl Stone Soup version 0.30.0-17-ge0270778cf (webtiles) character file.

Game seed: 9523655279180607324

151156 Brutalitops the Bludgeoner (level 17, -17/168 HPs)
             Began as an Armataur Hexslinger on May 21, 2023.
             Was a Plaything of Xom.
             Demolished by a two-headed ogre
             ... wielding a +0 giant spiked club
              (23 damage)
             ... on level 2 of the Orcish Mines.
             The game lasted 00:41:28 (10685 turns).

Brutalitops the Bludgeoner (Armataur Hexslinger)   Turns: 10685, Time: 00:41:29

Health: -17/168    AC: 17    Str: 24    XL:     17   Next: 0%
Magic:  18/18      EV:  8    Int: 20    God:    Xom [......]
Gold:   1480       SH:  0    Dex: 19    Spells: 17/18 levels left

rFire   . . .        z - +3 morningstar (heavy)
rCold   . . .        d - orb {light}
rNeg    . . .        B - +2 robe {Will+}
rPois   +            (no helmet)
rElec   .            s - +2 cloak
rCorr   .            D - +0 pair of gloves
SInv    .            G - +0 barding
Will    +++..        K - amulet of reflection
Stlth   +            v - +6 ring of dexterity
HPRegen 0.48/turn    Q - ring of Royalty {rPois Str+3 Dex+2}
MPRegen 0.16/turn

%: reflection, roll
@: confused, glowing
A: large, rugged brown scales 3, deformed body, armoured tail, roll, long
tongue, awkward tongue, hooves 1, thin skeletal structure 1, clever 1,
strong-willed 1, robust 1, subdued magic 1
a: Renounce Religion


You were on level 2 of the Orcish Mines.
You worshipped Xom.
You were a very special plaything of Xom.
You visited 2 branches of the dungeon, and saw 11 of its levels.
You also visited: Bailey.

You collected 1958 gold pieces.
You spent 478 gold pieces at shops.

Inventory:

Hand Weapons
 a - a +1 sling
 f - a +0 great sword
 g - a +0 dagger of holy wrath
 j - a +0 whip
 l - a +0 flail
 r - a +5 dagger
 t - a +2 morningstar
 x - a +2 antimagic hammer
 y - a +2 mace
 z - a +3 heavy morningstar (weapon)
 A - a +0 whip of freezing
 C - a +0 dire flail of protection
 P - a +4 great sword of distortion
 V - a +2 whip of electrocution
 W - a +4 whip of chaos
Armour
 c - a +3 leather armour
 d - an orb of light (worn)
 s - a +2 cloak (worn)
 u - a +0 ring mail
 B - a +2 robe of willpower (worn)
 D - a +0 pair of gloves (worn)
 G - a +0 barding (worn)
 J - +0 acid dragon scales
 X - a +2 robe of fire resistance
Jewellery
 k - a ring of willpower
 v - a +6 ring of dexterity (left hand)
 K - an amulet of reflection (around neck)
 Q - the ring of Royalty (right hand) {rPois Str+3 Dex+2}
   (You bought it in a shop on level 8 of the Dungeon)

   [ring of poison resistance]

   Str:       It affects your strength (+3).
   Dex:       It affects your dexterity (+2).
   rPois:     It protects you from poison.
 U - a ring of ice
Wands
 o - a wand of polymorph (32)
 w - a wand of charming (19)
 F - a wand of iceblast (20)
 H - a wand of flame (9)
Scrolls
 b - 4 scrolls of poison
 h - 3 scrolls of enchant weapon
 i - a scroll of fear
 m - 2 scrolls of amnesia
 q - 3 scrolls of enchant armour
 L - a scroll of brand weapon
Potions
 e - 5 potions of curing
 n - 7 potions of ambrosia
 p - 3 potions of attraction
 E - a potion of heal wounds
 I - a potion of resistance
 M - a potion of cancellation
 N - a potion of brilliance {unknown}
 O - a potion of might
 R - 2 potions of lignification {unknown}
 S - a potion of flight {unknown}
Miscellaneous
 T - a box of beasts


   Skills:
 + Level 11.2 Fighting
 * Level 16.8 Maces & Flails
 - Level 1.3 Ranged Weapons
 + Level 10.3 Armour
 - Level 1.3 Dodging
 + Level 4.2 Stealth
 + Level 8.9 Shields
 + Level 1.0 Spellcasting
 - Level 2.6 Hexes
 + Level 0.1 Earth Magic


You had 17 spell levels left.
You knew the following spells:

 Your Spells              Type           Power      Damage    Failure   Level
b - Sandblast             Erth           2%         2d4       13%         1

Your spell library contained the following spells:

 Spells                   Type           Power      Damage    Failure   Level
 Slow                     Hex            36%        N/A       4%          1
 Sting                    Tmut/Pois      0%         1d3       14%         1
 Passwall                 Tmut/Erth      0%         N/A       22%         2
 Poisonous Vapours        Pois/Air       0%         N/A       22%         2
 Inner Flame              Hex/Fire       4%         N/A       26%         3
 Portal Projectile        Hex/Tloc       8%         N/A       26%         3
 Stone Arrow              Conj/Erth      2%         3d7       41%         3
 Cause Fear               Hex            4%         N/A       45%         4
 Olgreb's Toxic Radiance  Pois           0%         N/A       83%         4
 Summon Mana Viper        Hex/Summ       4%         N/A       94%         5
 Summon Forest            Summ/Tloc      0%         N/A       99%         5
 Summon Cactus Giant      Summ           0%         N/A       100%        6


Dungeon Overview and Level Annotations

Branches:
Dungeon (9/15)             Temple (0/1) D:5             Orc (2/2) D:9
    Elf (0/3) Orc:2        Bailey (visited)
   Lair: D:8-11

Altars:
Dithmenos
Elyvilon
Nemelex Xobeh
Okawaru
Qazlal
Sif Muna
Trog
Uskayaw
Vehumet
Wu Jian
Xom
Zin

Shops:
D:5 *   D:8 =


Innate Abilities, Weirdness & Mutations

You are completely covered in rugged brown scales. (AC +3, +7% HP)
Armour fits poorly on your strangely shaped body.
You have a long armoured tail.
You roll when moving toward enemies. (Rampage)
Your long tongue fully drains potion bottles. (2x potion effects)
Your tongue gives you trouble enunciating. (1.5x scroll delay)
You have large cloven feet.
You have a somewhat thin skeletal structure. (Dex +2, Stealth+)
Your mind is acute. (Int +4, Str/Dex -1)
You are strong-willed. (Will+)
You are robust. (+10% HP)
Your spells are a little easier to cast, but a little less powerful.


Message History

The two-headed ogre hits you with a +0 giant club.
* * * LOW HITPOINT WARNING * * *
The two-headed ogre hits you with a +0 giant spiked club.
* * * LOW HITPOINT WARNING * * *
You feel much better.
You slurp down every last drop of the potion of heal wounds!
The two-headed ogre closely misses you. You block the two-headed ogre's attack.
You impale the two-headed ogre!!
You kill the two-headed ogre!
You have reached level 17!
Okay, then.
You hit the orc wizard but do no damage.
Your kick misses the orc wizard.
Your tail-slap misses the orc wizard.
The orc wizard hits you but does no damage.
You pound the orc wizard like an anvil!!!
You kill the orc wizard!
Xom titters.
You are confused.
The orc looks rather confused.
The orc hits the orc wizard with a +0 mace.
The orc hits the two-headed ogre but does no damage.
The orc hits the two-headed ogre with a +0 mace.
Xom is mildly amused.
The orc hits itself with a +0 mace!
The orc is killed!
The ogre mage points at the ogre and mumbles some strange words.
The ogre seems to speed up.
You hear two shouts!
The ogre mage gestures at the two-headed ogre while chanting.
The two-headed ogre hits you with a +0 giant spiked club! x2
* * * LOW HITPOINT WARNING * * *
The two-headed ogre hits you with a +0 giant spiked club!!
* * * LOW HITPOINT WARNING * * *
Xom is amused.
The two-headed ogre hits you with a +0 giant club!
* * * LOW HITPOINT WARNING * * *
Xom is amused.
The two-headed ogre hits you with a +0 giant spiked club!!
You die...
Xom snickers!

..#.. #...... .. ##....... ....#
### ##........... ........ ##.##
.........o.. ........#####
#...####...........
............####@##.#..$..##.....
.............##.OOooo............
....##...........##OO............
...##...........###OO...)........
.)).#........#####...............
))............## #.....#.........
...............# #....##....)....
.)........#.....#....####..).....
.)).......##.#.###..## #.........


You could see 2 two-headed ogres, 2 ogre magi, an orc warrior, an ogre (fast),
an orc wizard (invisible) and an orc.

Vanquished Creatures
  An orc warlord (Bailey)
  Snorg (Orc:1)
  3 two-headed ogres (Orc:2)
  Pikel (D:6)
  An orc knight (Orc:1)
  4 orc sorcerers
  A troll (D:9)
  A queen bee (Orc:1)
  Prince Ribbit (D:5)
  Sigmund (D:5)
  A vampire (D:9)
  2 yaks (D:9)
  A wyvern (D:9)
  2 acid dragons
  4 water moccasins
  9 orc warriors
  A black bear (D:7)
  A centaur (D:9)
  12 ogres
  A phantom (D:5)
  4 kobold brigands (D:9)
  2 lemures (D:6)
  2 bullfrogs
  3 gnoll sergeants
  3 scorpions
  13 wights
  13 killer bees (Orc:1)
  3 howler monkeys (D:9)
  2 quasits (D:5)
  2 hounds (D:5)
  Crazy Yiuf (D:6)
  6 orc priests
  4 jellies
  A gnoll bouda (Orc:1)
  3 iguanas (D:5)
  10 orc wizards
  Natasha (thrice) (D:3)
  19 gnolls
  3 adders
  2 shadow imps (D:5)
  A white imp (D:6)
  An ufetubus (D:5)
  3 worms
  2 dart slugs (D:1)
  The ghost of dialectric the Sneak, a weakling VSDe (D:5)
  39 orcs
  7 endoplasms
  4 giant cockroaches
  8 goblins
  12 hobgoblins
  3 jackals (D:1)
  28 kobolds
  2 quokkas
  10 ball pythons
  4 bats
  2 frilled lizards
  5 rats
280 creatures vanquished.

Vanquished Creatures (collateral kills)
  3 yaks (D:9)
  Eustachio (D:5)
  An orc warrior (D:7)
  An ogre (D:9)
  A kobold brigand (D:7)
  A bullfrog (D:7)
  A howler monkey (D:9)
  An iguana (D:7)
  An orc wizard (D:7)
  A gnoll (D:9)
  5 orcs
  3 goblins (D:9)
  A kobold (D:7)
21 creatures vanquished.

Vanquished Creatures (others)
  A killer bee (Orc:1)
  An orc (Orc:2)
2 creatures vanquished.

Grand Total: 303 creatures vanquished

Notes
Turn   | Place    | Note
-------+----------+-------------------------------------------
     0 | D:1      | Brutalitops the Armataur Hexslinger began the quest for the
                  | Orb.
     0 | D:1      | Reached XP level 1. HP: 16/16 MP: 2/2
     9 | D:1      | Reached skill level 1 in Fighting
    89 | D:1      | Reached XP level 2. HP: 21/25 MP: 3/3
   161 | D:1      | Learned a level 1 spell: Sandblast
   316 | D:1      | Reached skill level 1 in Maces & Flails
   652 | D:1      | Found a faded altar of an unknown god.
   657 | D:1      | Prayed at the altar of an unknown god.
   657 | D:1      | Became a worshipper of Xom of Bone-Dry Humour
   775 | D:1      | Reached XP level 3. HP: 31/31 MP: 4/4
   906 | D:2      | XOM: noise
  1061 | D:2      | Reached skill level 2 in Maces & Flails
  1087 | D:2      | Reached skill level 1 in Stealth
  1088 | D:2      | HP: 1/31 [gnoll/+0 whip (5)]
  1096 | D:2      | Reached XP level 4. HP: 13/38 MP: 5/5
  1599 | D:2      | You fall into a shaft and drop 1 floor!
  1712 | D:3      | Noticed Natasha
  1721 | D:3      | Killed Natasha
  1754 | D:3      | Found a radiant altar of Vehumet.
  1908 | D:3      | Noticed an ogre
  1914 | D:3      | Killed an ogre
  1915 | D:3      | Reached skill level 3 in Maces & Flails
  1915 | D:3      | Reached XP level 5. HP: 26/44 MP: 6/6
  2138 | D:3      | Noticed Natasha
  2143 | D:3      | Killed Natasha
  2193 | D:3      | Found an ornate altar of the Wu Jian Council.
  2224 | D:3      | Reached XP level 6. HP: 34/53 MP: 7/7
  2233 | D:3      | Reached skill level 4 in Maces & Flails
  2625 | D:4      | XOM: noise
  2658 | D:4      | XOM: silly message
  2800 | D:4      | XOM: silly message
  3029 | D:3      | Noticed Natasha
  3079 | D:3      | Killed Natasha
  3223 | D:4      | Found a shimmering blue altar of Sif Muna.
  3468 | D:5      | Entered Level 5 of the Dungeon
  3475 | D:5      | Reached skill level 5 in Maces & Flails
  3511 | D:5      | Noticed Sigmund
  3557 | D:5      | Reached XP level 7. HP: 55/60 MP: 8/8
  3619 | D:5      | Found an iron altar of Okawaru.
  3661 | D:5      | XOM: potion effect (brilliance)
  3674 | D:5      | Killed Sigmund
  3675 | D:5      | Reached skill level 6 in Maces & Flails
  3927 | D:5      | XOM: confuse monster(s)
  4004 | D:5      | XOM: cloud trail
  4063 | D:5      | Found a staircase to the Ecumenical Temple.
  4110 | D:5      | Noticed Prince Ribbit
  4114 | D:5      | Reached skill level 7 in Maces & Flails
  4114 | D:5      | Reached XP level 8. HP: 65/67 MP: 9/9
  4129 | D:5      | XOM: blink monster(s)
  4134 | D:5      | Killed Prince Ribbit
  4135 | D:5      | Reached skill level 1 in Armour
  4329 | D:5      | XOM: summons 5 hostile demons
  4530 | D:5      | Found a transporter.
  4532 | D:5      | XOM: confusion
  4533 | D:5      | XOM: smoke on damage
  4597 | D:5      | Noticed dialectric's ghost (weakling VSDe)
  4613 | D:5      | Found a transporter.
  4613 | D:5      | Found Naoseuhi's General Store.
  4613 | D:5      | Noticed Eustachio
  4613 | D:5      | XOM: summons friendly white imp
  4620 | D:5      | Killed Eustachio
  4637 | D:5      | Bought a scroll of teleportation for 33 gold pieces
  4637 | D:5      | Bought a potion of curing for 33 gold pieces
  4660 | D:5      | Reached skill level 8 in Maces & Flails
  5138 | D:5      | XOM: stat loss: -1 Int (14/15)
  5365 | D:5      | Killed dialectric's ghost
  5566 | D:6      | Found a runed translucent door.
  5567 | D:6      | Noticed Crazy Yiuf
  5578 | D:6      | Killed Crazy Yiuf
  5677 | D:6      | XOM: butterfly on damage
  5876 | D:6      | XOM: enchant monster (good)
  5913 | D:6      | Reached XP level 9. HP: 39/75 MP: 3/10
  5931 | D:6      | Reached skill level 9 in Maces & Flails
  6345 | D:6      | Noticed Pikel
  6351 | D:6      | Killed Pikel
  6541 | D:6      | Found a shimmering altar of Xom.
  6542 | D:6      | Found a white marble altar of Elyvilon.
  6756 | D:7      | Reached skill level 10 in Maces & Flails
  6885 | D:7      | XOM: give mutations
  6885 | D:7      | Gained mutation: Your body sometimes deteriorates upon
                  | taking damage. [Xom's mischief]
  6885 | D:7      | Gained mutation: You have very sharp teeth. [Xom's
                  | mischief]
  6885 | D:7      | Lost mutation: You have very sharp teeth. [Xom's mischief]
  6886 | D:7      | Lost mutation: Your body sometimes deteriorates upon taking
                  | damage. [potion of mutation]
  6886 | D:7      | Gained mutation: Your spells are a little easier to cast,
                  | but a little less powerful. [potion of mutation]
  6886 | D:7      | Gained mutation: You have large cloven feet. [potion of
                  | mutation]
  6886 | D:7      | Gained mutation: You have a somewhat thin skeletal
                  | structure. (Dex +2, Stealth+) [potion of mutation]
  6886 | D:7      | Gained mutation: You have hidden genetic potential. [potion
                  | of mutation]
  6886 | D:7      | Gained mutation: You are robust. (+10% HP) [potion of
                  | mutation]
  6886 | D:7      | Gained mutation: You have hoof-like feet. [potion of
                  | mutation]
  6886 | D:7      | XOM: silly message
  6925 | D:7      | Found a sparkling altar of Nemelex Xobeh.
  6925 | D:7      | Found a stormy altar of Qazlal.
  6925 | D:7      | Found a shadowy altar of Dithmenos.
  6927 | D:7      | Found a hide-covered altar of Uskayaw.
  6928 | D:7      | Found a bloodstained altar of Trog.
  6946 | D:7      | XOM: 1-stop teleportation journey
  7048 | D:7      | Identified the +0 plate armour of Generosity {Int+4}
  7056 | D:7      | Reached skill level 5 in Fighting
  7104 | D:7      | XOM: 5-stop teleportation journey
  7299 | D:7      | XOM: summons friendly ufetubus
  7480 | D:8      | Reached skill level 11 in Maces & Flails
  7481 | D:8      | Reached XP level 10. HP: 81/94 MP: 11/11
  7616 | D:8      | Found Donnoiw's Jewellery Shoppe.
  7682 | D:8      | XOM: god gift: scroll of enchant armour
  7831 | D:8      | Found a glowing silver altar of Zin.
  7880 | D:8      | XOM: summons 6 hostile demons
  7881 | D:8      | Noticed a sixfirhy
  8052 | D:8      | XOM: draining
  8347 | D:9      | XOM: summons 6 hostile demons
  8500 | D:9      | Gained mutation: Your mind is acute. (Int +4, Str/Dex -1)
                  | [hidden potential]
  8521 | D:9      | Reached skill level 12 in Maces & Flails
  8524 | D:9      | XOM: summons 2 hostile demons
  8526 | D:9      | Reached skill level 1 in Shields
  8688 | D:9      | XOM: fog
  8694 | D:9      | HP: 4/95 [troll (1)]
  8750 | D:9      | Found a flagged portal.
  8756 | Bailey   | Entered a bailey
  8771 | Bailey   | Noticed an orc warlord
  8931 | Bailey   | Reached skill level 16 in Maces & Flails
  8931 | Bailey   | Reached XP level 11. HP: 104/104 MP: 12/12
  8931 | Bailey   | Reached XP level 12. HP: 112/112 MP: 13/13
  8932 | Bailey   | Reached skill level 10 in Armour
  8932 | Bailey   | Reached XP level 13. HP: 119/119 MP: 14/14
  8932 | Bailey   | Reached XP level 14. HP: 128/128 MP: 15/15
  8939 | Bailey   | Found a runed translucent gate.
  8940 | Bailey   | Found a runed translucent gate.
  8942 | Bailey   | Found a runed translucent gate.
  8970 | Bailey   | XOM: god gift: 16 gold pieces
  9018 | Bailey   | XOM: fog
  9024 | Bailey   | Killed an orc warlord
  9054 | Bailey   | Reached skill level 10 in Fighting
  9054 | Bailey   | Reached XP level 15. HP: 126/149 MP: 16/16
  9054 | Bailey   | Reached XP level 16. HP: 135/159 MP: 17/17
  9065 | Bailey   | XOM: god gift: 1123 gold pieces
  9070 | Bailey   | XOM: cloud trail
  9165 | D:8      | Bought the ring of Royalty {rPois Str+3 Dex+2} for 412 gold
                  | pieces
  9186 | D:9      | XOM: summons 6 hostile demons
  9323 | D:9      | XOM: summons 2 hostile shadow creatures
  9561 | D:9      | Found a staircase to the Orcish Mines.
  9830 | Orc:1    | Entered Level 1 of the Orcish Mines
  9869 | Orc:1    | Gained mutation: You are strong-willed. (Will+) [hidden
                  | potential]
  9869 | Orc:1    | Lost mutation: You have hidden genetic potential. [hidden
                  | potential expressed]
  9955 | Orc:1    | Noticed Snorg
  9958 | Orc:1    | XOM: blink monster(s)
  9979 | Orc:1    | XOM: chaos upgrade
  9983 | Orc:1    | XOM: silly message
  9985 | Orc:1    | Killed Snorg
 10003 | Orc:1    | XOM: stat loss: -1 Str (23/24)
 10188 | Orc:1    | XOM: 3-stop teleportation journey
 10304 | Orc:1    | XOM: give mutation
 10304 | Orc:1    | Lost mutation: You have hoof-like feet. [Xom's mischief]
 10538 | Orc:2    | Entered Level 2 of the Orcish Mines
 10542 | Orc:2    | Found a staircase to the Elven Halls.
 10638 | Orc:2    | XOM: noise
 10680 | Orc:2    | Reached XP level 17. HP: 67/168 MP: 18/18
 10681 | Orc:2    | XOM: confusion (+ monsters)
 10684 | Orc:2    | HP: 5/168 [two-headed ogre/+0 giant spiked club (7)]
 10685 | Orc:2    | Demolished by a two-headed ogre

Illustrated notes

Levels and vault maps discovered:
D:1:      minmay_arrival_stone_box, layout_basic,
          hellmonk_ecumenical_altar_run_dry, nrook_uturn
D:2:      layout_loops_cross
D:3:      layout_basic, nicolae_vehumet_radiance,
          mainiacjoe_overflow_small_starburst, uniq_natasha
D:4:      layout_loops_cross, nicolae_sif_muna_little_library
D:5:      layout_layer_cave, mainiacjoe_overflow_cross_hatched,
          minmay_temple_entry_water_ring, gammafunk_ghost_stat_death,
          serial_shops, nicolae_square_shop, st_stairs_1, kennysheep_doodads,
          serial_park_tiny_1, uniq_sigmund, uniq_eustachio, uniq_prince_ribbit1
D:6:      wander_river, layout_basic, gammafunk_temple_overflow_statue,
          uniq_pikel, uniq_crazy_yiuf_cottage
D:7:      layout_basic, grunt_temple_overflow_open
D:8:      layout_loops_ring, zin_scriptorium, serial_shops, shop
D:9:      layout_basic, kennysheep_orc_monster_closet_entryway, enter_bailey_3
Orc:1:    layout_caves, special_room [special_room_bee], uniq_snorg
Orc:2:    st_orc_ogre_mass, layout_diamond_mine

Skill      XL: |  1  2  3  4  5  6  7  8  9 10 11 12 13 14 15 16 |
---------------+-------------------------------------------------+-----
Fighting       | 1 2 3 4 5 6 10 11 | 11.2
Maces & Flails | 1 2 3 5 7 8 11 16 | 16.8
Stealth        | 1 2 3 4 |  4.2
Armour         | 4 10 | 10.3
Shields        | 2 8 |  8.9
Ranged Weapons | |  1.3
Dodging        | |  1.3
Spellcasting   | |  1.0
Hexes          | |  2.6
Earth Magic    | |  0.1

Action                     |  1- 3 |  4- 6 |  7- 9 | 10-12 | 13-15 | 16-18 || total
---------------------------+-------+-------+-------+-------+-------+-------++-------
  Melee: Club              |   100 |       |       |       |       |       ||   100
         Tailslap          |    17 |    24 |    55 |    18 |     2 |    21 ||   137
         Punch             |     1 |       |       |       |       |       ||     1
         Whip              |       |   129 |       |       |       |       ||   129
         Flail             |       |    42 |   147 |       |       |       ||   189
         Mace              |       |       |    51 |       |       |       ||    51
         Morningstar       |       |       |    74 |   141 |    14 |   115 ||   344
         Kick              |       |       |     8 |    38 |     7 |    40 ||    93
   Fire: Sling             |    11 |       |       |       |       |       ||    11
   Cast: Sandblast         |     1 |       |       |       |       |       ||     1
    Use: Scroll            |     2 |    12 |     4 |     4 |       |     2 ||    24
         Potion            |     1 |     1 |     5 |     5 |     1 |     3 ||    16
   Stab: Sleeping          |     2 |     1 |     1 |       |       |       ||     4
         Distracted        |     1 |       |       |     1 |       |       ||     2
         Confused          |       |       |     2 |       |       |       ||     2
 Armour: Robe              |    37 |    60 |    34 |   119 |     7 |    95 ||   352
         Ring mail         |       |       |    51 |       |       |       ||    51
         Leather armour    |       |       |    77 |       |       |       ||    77
  Dodge: Dodged            |    44 |    69 |   158 |    79 |     2 |    84 ||   436
  Block: Orb               |       |       |       |    40 |     4 |    55 ||    99
         Reflection        |       |       |       |       |       |     1 ||     1
